 Dungeon Crawl Stone Soup version 0.16-a0-2179-gb75b79b (webtiles) character file.

161 wvc the Cudgeler (level 5, -9/41 HPs)
             Began as a Mummy Fighter on Nov 14, 2014.
             Mangled by Sigmund
             ... wielding a +0 scythe
              (11 damage)
             ... on level 3 of the Dungeon.
             The game lasted 00:05:42 (2645 turns).

wvc the Cudgeler (Mummy Fighter)                    Turns: 2645, Time: 00:05:42

Health: -9/41      AC:  8    Str: 20    XL:     5   Next: 18%
Magic:  0/5        EV:  6    Int:  7    God:
Gold:   135        SH:  9    Dex: 11    Spells: 0 memorised, 4 levels left

rFire  x . .     SeeInvis .     a - +0 flail
rCold  + . .     Clarity  .     o - +0 scale mail
rNeg   + + +     SustAb   .     c - +1 shield
rPois  +         Gourm    .     (no helmet)
rElec  .         Spirit   +     l - +0 cloak
rCorr  .         Warding  .     (no gloves)
rMut   .         Stasis   .     d - +0 pair of boots
MR     .....                    q - amulet of guardian spirit
Stlth  +.........               (no ring)
                                j - ring of stealth

@: not resistant to hostile enchantments, very unstealthy
A: no food or potions, fire vulnerability, restore body, cold resistance 1,
negative energy resistance 3, poison resistance, torment resistance, unbreathing
a: no special abilities


You were on level 3 of the Dungeon.
You were not hungry.

You visited 1 branch of the dungeon, and saw 3 of its levels.

You collected 135 gold pieces.

Inventory:

Hand weapons
 a - a +0 flail (weapon)
 g - a +0 blowgun
Missiles
 b - 16 poisoned needles
 f - 6 javelins (quivered)
Armour
 c - a +1 shield (worn)
 d - a +0 pair of boots (worn)
 l - a +0 cloak (worn)
 o - a +0 scale mail (worn)
Jewellery
 j - a ring of stealth (left hand)
 q - an amulet of guardian spirit (around neck)
Magical devices
 p - a wand of confusion (44)
Scrolls
 e - a scroll of fear
 h - a scroll of magic mapping
 i - a scroll of remove curse
 m - a scroll of teleportation


   Skills:
 - Level 3.0 Fighting
 * Level 3.8 Maces & Flails
 - Level 2.4 Armour
 - Level 2.0 Dodging
 - Level 2.4 Shields


You had 4 spell levels left.
You didn't know any spells.

Dungeon Overview and Level Annotations

Branches:
Dungeon (3/15)

Altars:
Elyvilon

Annotations:
D:3 Sigmund


Innate Abilities, Weirdness & Mutations

You do not eat or drink.
Your flesh is vulnerable to fire.
Your flesh is cold resistant.
You are immune to negative energy.
Your system is resistant to poisons.
You are immune to unholy pain and torment.
You can survive without breathing.


Message History

* * * LOW HITPOINT WARNING * * *
You miss something. Something hits you but does no damage.
You miss something. Something hits you but does no damage.
You miss something. Something hits you.
* * * LOW HITPOINT WARNING * * *
Are you sure you want to abandon this character and quit the game? (Confirm with "yes".)
Okay, then.
Unknown command.
Evoke which item? (* to show all) (? for menu, Esc to quit)
Zapping:
p - a wand of confusion (45)
Press: ? - help, Shift-Dir - straight line Nothing appears to happen.
This wand has 44 charges left.
Your shield prevents you from hitting something.
Your shield and scale mail prevent you from hitting something.
Something hits you.
* * * LOW HITPOINT WARNING * * *
You barely miss something.
You see here a javelin.
You hit something. Something hits you!
You die...

*,**,,,,,,*
#.....##..........
*,**,,,,,,*
#.....##..........
*,**,,,,,,*
#.....##..........
***,***,,,,,*
#.....##.......%..
,,,,,,,,,,,,*
#.....##..........
***,***.,,,,*
#.....##..........
*,* *...,,*
##.#####..........
*,**#.....#####.#
#..........
*,,,..(.......@{#
#..........
****#......######
#..........
*##.##,*
#.......... *,**,*
#.......... *,**,*
########### *,,,,*
****,* *,* *,*


There were no monsters in sight!

Vanquished Creatures
  A worker ant (D:3)
  3 adders
  3 gnolls
  A giant mite (D:3)
  A worm (D:2)
  3 giant geckos (D:2)
  An ooze (D:2)
  An orc (D:3)
  3 giant cockroaches
  5 goblins (D:2)
  14 hobgoblins
  4 kobolds
  A ball python (D:2)
  4 bats (D:1)
  6 giant newts
  5 jackals
  6 rats
62 creatures vanquished.

Notes
Turn   | Place    | Note
--------------------------------------------------------------
     0 | D:1      | wvc, the Mummy Fighter, began the quest for the Orb.
     0 | D:1      | Reached XP level 1. HP: 18/18 MP: 1/1
   396 | D:1      | Reached XP level 2. HP: 24/24 MP: 2/2
   852 | D:2      | Reached skill level 1 in Dodging
   992 | D:2      | Reached XP level 3. HP: 19/29 MP: 3/3
  1508 | D:2      | Reached XP level 4. HP: 32/35 MP: 4/4
  2030 | D:3      | Found a white marble altar of Elyvilon.
  2485 | D:3      | Reached XP level 5. HP: 38/41 MP: 5/5
  2612 | D:3      | Noticed Sigmund
  2639 | D:3      | HP: 2/41 [something (2)]
  2645 | D:3      | Mangled by Sigmund

Action                   |  1- 3 |  4- 6 || total
-------------------------+-------+-------++-------
Melee: Flail             |   118 |   120 ||   238
Throw: Javelin           |       |     2 ||     2
Evoke: Wand              |       |     1 ||     1
  Use: Scroll            |       |    14 ||    14
